 Dungeon Sprint DCSS version 0.26-a0-1181-gd376ed14c5 (webtiles) character file.

Game seed: 10336782179839858648

396 reriks the Cleaver (level 6, -3/99 HPs)
             Began as a Deep Dwarf Berserker on Dec 27, 2020.
             Was an Elder of Trog.
             Slain by a necrophage (4 damage)
             ... in the Dungeon (Sprint II: "The Violet Keep of Menkaure").
             The game lasted 00:00:44 (126 turns).

reriks the Cleaver (Deep Dwarf Berserker)            Turns: 126, Time: 00:00:45

Health: -3/99      AC:  2    Str: 22    XL:     6   Next: 52%
Magic:  5/5        EV: 16    Int:  8    God:    Trog [****..]
Gold:   486        SH:  0    Dex: 12    Spells: 5/5 levels left

rFire    . . .     SeeInvis .   a - +0 hand axe
rCold    . . .     Faith    .   (no shield)
rNeg     . . .     Spirit   .   b - +0 animal skin
rPois    .         Reflect  .   (no helmet)
rElec    .         Harm     .   (no cloak)
rCorr    .         Rampage  .   (no gloves)
Will     .....     NoTele   +   (no boots)
Stlth    ..........             (no amulet)
HPRegen  0.00/turn              (no ring)
MPRegen  0.09/turn              (no ring)

@: berserking, non-regenerating, very quick
A: damage resistance, heal wounds, sense surroundings 1, no regeneration
a: Heal Wounds, Renounce Religion, Berserk, Trog's Hand, Brothers in Arms


You were in the Dungeon.
You worshipped Trog.
Trog was greatly pleased with you.
You visited 1 branch You collected 486 gold pieces.

Inventory:

Hand Weapons
 a - a +0 hand axe (weapon)
Armour
 b - a +0 animal skin (worn)
Scrolls
 h - a scroll of blinking
Potions
 c - a potion of curing
 d - a potion of heal wounds
 e - a potion of haste
 f - 2 potions of magic
 g - a potion of berserk rage


   Skills:
 + Level 7.0 Fighting
 + Level 8.4 Axes
 + Level 8.0 Armour
 + Level 8.1 Dodging


You had 5 spell levels left.
You didn't know any spells.
Your spell library was empty.

Dungeon Overview and Level Annotations

Branches:
Dungeon (1/1)

Altars:

Shops:
D !


Innate Abilities, Weirdness & Mutations

You are resistant to damage.
You can heal yourself by infusing magical energy.
You passively map a small area around you.
You do not regenerate.


Message History

You barely miss the necrophage. You hit the necrophage.
The necrophage barely misses you. The necrophage hits you.
* * * LOW HITPOINT WARNING * * *
You feel drained.
You closely miss the necrophage.
The necrophage is moderately damaged.
You slash the necrophage! x2
You destroy the necrophage!
Trog accepts your kill.
You can now call in reinforcements.
The necrophage closely misses you.
The obsidian statue slips into the dungeon's darkness for a moment.
The obsidian statue's eyes glow briefly.
Your life force feels restored.
Your Fighting skill increases to level 7!
Your Axes skill increases to level 8!
Your Armour skill increases to level 8!
Your Dodging skill increases to level 8!
You barely miss the necrophage.
The necrophage is moderately damaged.
You slash the necrophage! The necrophage hits you.
You die...

* * **, ####+####
##°°°°≈°○## , ∩∩
#°○°○°°≈°○## ,, * *
§§○≈8≈○°☼°# *#
*§○§≈°§°°° ≈ , ,
,#≈ #°≈≈°§°°# ≈ *
####≈≈#†n'#+++## *
*
*###≈≈≈.@n......#,,
^ ,
..#≈≈≈≈.##'##..# *
∩.#≈≈≈≈###..## * ,
, ..#≈≈≈≈#.##..# ,
, ..#≈≈####.#.####
, * * ⌠ ,..#≈#
*##†###.# ,+ ..#≈
,* ##.##..## , ..+
,* +.<.†##.+ , *
##n##..##,,,,


You could see an obsidian statue and 2 necrophages.

Vanquished Creatures
  Menkaure (D)
  2 necrophages (D)
  4 worker ants (D)
  3 worms (D)
10 creatures vanquished.

Vanquished Creatures (others)
  A water moccasin (D)
1 creature vanquished.

Grand Total: 11 creatures vanquished

Notes
Turn   | Place    | Note
-------+----------+-------------------------------------------
     0 | D        | reriks the Deep Dwarf Berserker began the quest for the
                  | Orb.
     0 | D        | Reached XP level 1. HP: 20/20 MP: 1/1
    14 | D        | Reached ** piety under Trog
    15 | D        | Reached XP level 2. HP: 28/28 MP: 2/2
    33 | D        | Killed a water moccasin
    61 | D        | Reached XP level 3. HP: 36/36 MP: 3/3
    67 | D        | Reached skill level 5 in Axes
    73 | D        | Reached skill level 5 in Dodging
    73 | D        | Reached XP level 4. HP: 31/45 MP: 4/4
    88 | D        | Reached *** piety under Trog
    89 | D        | Reached skill level 5 in Armour
   100 | D        | Noticed a necrophage
   100 | D        | Noticed a necrophage
   100 | D        | Noticed a necrophage
   100 | D        | Noticed a necrophage
   111 | D        | Noticed an obsidian statue
   113 | D        | Noticed Menkaure
   115 | D        | Found Yhoafoyh's Distillery.
   118 | D        | Killed a necrophage
   119 | D        | Reached skill level 5 in Fighting
   119 | D        | Reached XP level 5. HP: 7/55 MP: 4/4
   120 | D        | Killed Menkaure
   121 | D        | Reached XP level 6. HP: 9/63 MP: 5/5
   124 | D        | HP: 1/93 [necrophage (4)]
   125 | D        | Reached **** piety under Trog
   126 | D        | Slain by a necrophage

Illustrated notes

Levels and vault maps discovered:
D:        the_violet_keep_of_menkaure [sprint2_stairs_cluster_1,
          sprint2_shoproom, sprint2_temple, sprint2_basic_supplies,
          sprint2_obstacle_5, sprint2_obstacle_4, sprint2_obstacle_3,
          sprint2_obstacle_6, sprint2_obstacle_1, sprint2_timed_cluster_1,
          sprint2_smallroom_cluster_1, sprint2_smallroom_final_cluster_1,
          sprint2_transparent_cluster_1, sprint2_second_timed_cluster_1,
          sprint2_sniper_area_1, sprint2_heavy_combat_area_1,
          sprint2_mutation_trap_area_1, sprint2_forest_area_1,
          sprint2_light_combat_area_1, sprint2_behind_water_1,
          sprint2_near_end_vault_1]

Skill      XL: |  1  2  3  4  5  6 |
---------------+-------------------+-----
Fighting       | 3 4 5 6 7 |  7.0
Armour         | 3 4 6 7 8 |  8.0
Dodging        | 3 4 5 6 7 8 |  8.1
Axes           | 4 5 7 8 |  8.4

Action                   |  1- 3 |  4- 6 || total
-------------------------+-------+-------++-------
Melee: Hand axe          |    24 |    30 ||    54
Invok: Berserk           |     2 |     1 ||     3
 Abil: Heal Wounds       |       |     2 ||     2
Dodge: Dodged            |     9 |    26 ||    35

Table legend: (Time is in decaauts)
 A = Elapsed time spent in this place.
 B = Non-inter-level travel time spent in this place.
 C = Inter-level travel time spent in this place.
 D = Time resting spent in this place.
 E = Time spent auto-exploring this place.
 F = Levels seen in this place.
 G = Mean time per level.
                   A        B        C        D        E       F      G
               +--------+--------+--------+--------+--------+-----+--------+
         Total |    138 |    138 |      0 |     32 |      0 |   1 |  138.0 |
       Dungeon |    138 |    138 |      0 |     32 |      0 |   1 |  138.0 |
               +--------+--------+--------+--------+--------+-----+--------+

Top non-repeatable levels by time:
       D: 138 daAuts
